AoeStats
← Cinnamoroll

African Clearing

506321030Analyzed
4v4 RM · 19d ago on Sep 13, 2026· 27m 0s· 8 players
Game mode
Random Map
Map size
Large (8 player)
Population
200
Speed
Normal
Resources
Standard
Victory
Conquest
Starting age
Dark Age
Ending age
Imperial Age
RankedLock teamsTeams togetherTeam positionsShared explorationLock speedFull tech treeHidden civsTurbo modeCheats
Victory
Defeat
🇺🇸 Bengalis · United States
1791
+8
🇮🇳 Franks · India
1713
+11
🇺🇸 Vietnamese · United States
1643
+14
🇺🇸 Shu · United States
1620
+15
🇮🇳 Turks · India
1615
-12
🇭🇰 Poles · Hong Kong SAR China
1601
-12
🇨🇦 Vikings · Canada
1597
-12
🇻🇳 Khitans · Vietnam
1591
-12
_
13:18 Feudal Age
14:07 Loom
14:38 Double-Bit Axe
17:29 Castle Age
17:06 Gold Mining
20:41 Bow Saw
24:51 Horse Collar
Issue
3:34 Loom
12:41 Feudal Age
13:12 Double-Bit Axe
15:39 Fletching
18:35 Horse Collar
21:59 Castle Age
23:08 Bow Saw
22:59 Heavy Plow
22:59 Bodkin Arrow
ChangT
5:48 Loom
13:13 Feudal Age
14:12 Double-Bit Axe
16:04 Town Watch
18:13 Wheelbarrow
18:20 Forging
23:33 Castle Age
22:01 Gold Mining
22:41 Scale Barding Armor
24:58 Bow Saw
24:12 Light Cavalry
24:52 Husbandry
25:14 Chain Barding Armor
25:53 Husbandry
Cinnamoroll
11:10 Loom
16:38 Feudal Age
21:01 Castle Age
18:53 Double-Bit Axe
18:49 Fishing Lines
21:56 Bow Saw
22:32 Gold Mining
22:49 Fletching
23:07 Padded Archer Armor
23:58 Ballistics
23:49 Elite Skirmisher
25:04 Bodkin Arrow
25:10 Padded Archer Armor
_kill3rJ
13:16 Feudal Age
13:36 Loom
17:45 Castle Age
17:01 Fletching
18:39 Double-Bit Axe
18:38 Horse Collar
25:13 Scale Mail Armor
MrWrong
5:41 Loom
13:48 Feudal Age
15:07 Double-Bit Axe
17:33 Castle Age
18:55 Bow Saw
23:48 Scale Mail Armor
26:01 Gold Mining
26:23 Horse Collar
noobnoob
13:52 Feudal Age
12:50 Loom
17:37 Castle Age
16:37 Fishing Lines
16:52 Double-Bit Axe
22:56 Gillnets
25:31 Scale Mail Armor
26:18 Gillnets
Fenrir
11:55 Loom
14:46 Feudal Age
18:19 Castle Age
16:32 Double-Bit Axe
17:39 Horse Collar
19:39 Fletching
20:06 Bow Saw
23:25 Bodkin Arrow
26:49 Padded Archer Armor
Connection lost

Rejoining the realm…

Still unreachable

The connection could not be restored.

Session expired

The server has moved on; the page needs a fresh start.